 Dungeon Crawl Stone Soup version 0.29-a0-268-g5627465c62 (webtiles) character file.

Game seed: 5124318635358779049

910 Pivur the Vexing (level 7, -9/32 HPs)
             Began as a Spriggan Enchanter on Mar 7, 2022.
             Mangled by a troll (12 damage)
             ... on level 6 of the Dungeon.
             The game lasted 00:11:19 (5098 turns).

Pivur the Vexing (Spriggan Enchanter)               Turns: 5098, Time: 00:11:19

Health: -9/32      AC:  6    Str:  6    XL:     7   Next: 81%
Magic:  13/18      EV: 17    Int: 17    God:
Gold:   225        SH:  0    Dex: 15    Spells: 12/20 levels left

rFire   + . .      SeeInvis +   a - +2 dagger
rCold   . . .      Faith    .   (no shield)
rNeg    . . .      Spirit   .   b - +0 robe
rPois   .          Reflect  .   (helmet restricted)
rElec   .          Harm     .   (no cloak)
rCorr   .          Rampage  .   (gloves unavailable)
Will    +....                   (boots unavailable)
Stlth   ++++......              (no amulet)
HPRegen 0.10/turn               f - +4 ring of protection
MPRegen 0.16/turn               n - ring of protection from fire

@: mighty, confusing by touch, very quick
A: very small, no large weapons, unfitting armour, see invisible, speed 3
a: no special abilities


You were on level 6 of the Dungeon.
You visited 1 branch of the dungeon, and saw 6 of its levels.

You collected 225 gold pieces.

Inventory:

Hand Weapons
 a - a +2 dagger (weapon)
Missiles
 l - 12 poisoned darts (quivered)
 p - 2 throwing nets
Armour
 b - a +0 robe (worn)
Jewellery
 f - a +4 ring of protection (left hand)
 j - a ring of protection from cold
 n - a ring of protection from fire (right hand)
 t - a +6 ring of dexterity
Wands
 k - a wand of digging (6)
Scrolls
 r - a scroll of blinking
 u - 3 scrolls of amnesia
Potions
 c - 2 potions of invisibility
 d - 2 potions of cancellation
 e - a potion of might
 g - a potion of haste
 h - 2 potions of brilliance
 i - 3 potions of curing
 m - a potion of attraction
 o - a potion of magic {unknown}
 q - a potion of degeneration {unknown}
 s - 2 potions of flight


   Skills:
 - Level 1.1 Short Blades
 - Level 2.6 Dodging
 + Level 7.7 Stealth
 + Level 7.2 Spellcasting
 + Level 7.7 Hexes


You had 12 spell levels left.
You knew the following spells:

 Your Spells              Type           Power      Damage    Failure   Level
a - Ensorcelled Hibernat  Hex/Ice        38%        N/A       3%          2
b - Tukima's Dance        Hex            32%        N/A       1%          3
d - Confusing Touch       Hex            32%        N/A       1%          3

Your spell library contained the following spells:

 Spells                   Type           Power      Damage    Failure   Level
 Dazzling Flash           Conj/Hex       38%        N/A       7%          3
 Inner Flame              Hex/Fire       19%        N/A       7%          3
 Foxfire                  Conj/Fire      24%        2x1d5     12%         1
 Conjure Flame            Conj/Fire      6%         6-21      34%         3
 Flame Wave               Conj/Fire      6%         2d5       75%         4


Dungeon Overview and Level Annotations

Branches:
Dungeon (6/15)
 Temple: D:4-7

Altars:

Shops:
D:2 (


Innate Abilities, Weirdness & Mutations

You are very small and have problems with some larger weapons.
You are too small for most types of armour.
You have supernaturally acute eyesight. (SInv)
You cover ground extremely quickly. (Speed+++)


Message History

You kill the sky beast!
You see here a bullfrog corpse.
You now have 205 gold pieces (gained 15).
Found a stone staircase leading up.
You now have 216 gold pieces (gained 11).
u - 3 scrolls of amnesia You now have 225 gold pieces (gained 9).
A troll comes into view.
Casting: Ensorcelled Hibernation (safe; 3% risk of failure)
Confirm with . or Enter, or press ? or * to list all spells.
Aiming: Ensorcelled Hibernation (safe; 3% risk of failure)
Press: ? - help, Shift-Dir - straight line, f - troll
Aim: a troll (chance to affect: 51%)
The troll resists with some effort.
The troll attacks as you move away! The troll closely misses you.
The troll claws you. The troll claws you!
Casting: Ensorcelled Hibernation (safe; 3% risk of failure)
Confirm with . or Enter, or press ? or * to list all spells.
Aiming: Ensorcelled Hibernation (safe; 3% risk of failure)
Press: ? - help, Shift-Dir - straight line, f/p - troll
Aim: a troll (chance to affect: 51%)
The troll looks drowsy...
The helpless troll fails to defend itself.
You impale the troll!!
The troll is almost dead.
The troll closely misses you. The troll misses you. The troll claws you!
There is a stone staircase leading down here.
Casting: Ensorcelled Hibernation (safe; 3% risk of failure)
Confirm with . or Enter, or press ? or * to list all spells.
Your hands begin to glow red.
You feel very mighty all of a sudden.
You closely miss the troll.
The troll is severely wounded.
The troll bites you!
* * * LOW HITPOINT WARNING * * *
The troll misses you. The troll completely misses you.
You hit the troll but do no damage.
The troll is severely wounded.
The troll bites you!
You die...

.######### #.#
######.##
.........##########.#
........#
.#######..#.......#.#
##########
##.#.#####.#.# #.....
#...# #.#.# #.####
#######..#####.#.# #.#
...............#.###
#.#
###.######..######....#
#.#
..............T@...†..#
#.#
###.##.##.#.##.##.....#
#.# #. #.#..#..#.....#
#.# .. #.......#..(..#
#.#
#########..<..#.....#
#.#
..........#..##.....#
#.#
##...........#.....#
#.# #.########..#.....#
#.#### #..#.....#
#.....


You could see a troll.

Vanquished Creatures
  Sigmund (D:2)
  2 sky beasts (D:6)
  An ogre (D:6)
  A centaur (D:5)
  A bullfrog (D:6)
  3 hounds
  A jelly (D:5)
  An iguana (D:4)
  3 gnolls (D:5)
  9 adders
  A white imp (D:6)
  2 dart slugs
  An orc (D:4)
  4 ball pythons
  2 bats
  10 endoplasms
  4 giant cockroaches
  5 goblins
  6 hobgoblins
  4 jackals (D:3)
  4 kobolds
  2 quokkas (D:2)
  2 frilled lizards
  7 rats
77 creatures vanquished.

Vanquished Creatures (collateral kills)
  A gnoll (D:5)
1 creature vanquished.

Vanquished Creatures (others)
  4 dancing weapons
4 creatures vanquished.

Grand Total: 82 creatures vanquished

Notes
Turn   | Place    | Note
-------+----------+-------------------------------------------
     0 | D:1      | Pivur the Spriggan Enchanter began the quest for the Orb.
     0 | D:1      | Reached XP level 1. HP: 9/9 MP: 5/5
   298 | D:1      | Reached XP level 2. HP: 10/13 MP: 7/7
   329 | D:1      | Learned a level 2 spell: Ensorcelled Hibernation
   824 | D:2      | Reached XP level 3. HP: 16/16 MP: 1/9
   828 | D:2      | Learned a level 3 spell: Tukima's Dance
   832 | D:2      | Learned a level 3 spell: Confusing Touch
  1153 | D:2      | Found Hoint's Weapon Shoppe.
  1392 | D:2      | Noticed Sigmund
  1418 | D:2      | Killed Sigmund
  1419 | D:2      | Reached skill level 5 in Spellcasting
  1419 | D:2      | Reached skill level 5 in Hexes
  1419 | D:2      | Reached XP level 4. HP: 15/21 MP: 0/12
  1419 | D:2      | Reached XP level 5. HP: 17/24 MP: 0/13
  2002 | D:3      | Reached skill level 5 in Stealth
  2002 | D:3      | Reached XP level 6. HP: 28/28 MP: 10/15
  3375 | D:5      | Entered Level 5 of the Dungeon
  3702 | D:5      | Reached XP level 7. HP: 22/32 MP: 12/17
  5081 | D:6      | Noticed a troll
  5098 | D:6      | Mangled by a troll

Illustrated notes

Levels and vault maps discovered:
D:1:      onia_arrival_mini_maze, layout_rooms, minmay_misc_feat_iff,
          hangedman_abyss_or_decor_stabs
D:2:      layout_loops_cross, serial_shops, nicolae_shop_hallway_stairs,
          minivault_4, uniq_sigmund
D:3:      layout_basic, grunt_ministairs_13
D:4:      layout_basic, hangedman_decor_slide_cut, chequers_garden
D:5:      layout_loops_corners, amcnicky_mini_rare_corridor_liquid,
          corexii_hall_statues_i
D:6:      layout_basic, temple_hall

Skill      XL: |  1  2  3  4  5  6  7 |
---------------+----------------------+-----
Spellcasting   | 3 5 6 7 |  7.2
Hexes          | 4 5 6 7 |  7.7
Stealth        | 5 6 7 |  7.7
Short Blades   | |  1.1
Dodging        | |  2.6

Action                   |  1- 3 |  4- 6 |  7- 9 || total
-------------------------+-------+-------+-------++-------
Melee: Dagger            |    70 |    96 |    28 ||   194
       Punch             |       |     1 |       ||     1
 Cast: Ensorcelled Hiber |     5 |    24 |    19 ||    48
       Tukima's Dance    |     2 |       |     6 ||     8
       Confusing Touch   |     1 |       |     2 ||     3
  Use: Scroll            |     7 |     2 |     4 ||    13
       Potion            |       |       |     1 ||     1
 Stab: Sleeping          |    13 |    27 |     9 ||    49
       Confused          |       |       |     1 ||     1
Armor: Robe              |     6 |    20 |     4 ||    30
Dodge: Dodged            |    46 |    87 |    23 ||   156

Table legend: (Time is in decaauts)
 A = Elapsed time spent in this place.
 B = Non-inter-level travel time spent in this place.
 C = Inter-level travel time spent in this place.
 D = Time resting spent in this place.
 E = Time spent auto-exploring this place.
 F = Levels seen in this place.
 G = Mean time per level.
                   A        B        C        D        E       F      G
               +--------+--------+--------+--------+--------+-----+--------+
         Total |   3688 |   3565 |    123 |    136 |   2866 |   6 |  614.7 |
       Dungeon |   3688 |   3565 |    123 |    136 |   2866 |   6 |  614.7 |
               +--------+--------+--------+--------+--------+-----+--------+

Top non-repeatable levels by time:
     D:5: 911 daAuts
     D:3: 758 daAuts
     D:2: 626 daAuts
     D:4: 572 daAuts
     D:1: 545 daAuts
     D:6: 274 daAuts
